Map: 광부 대피

Players

펜타네스트

  • Race: Zerg Zerg

펜타네스트

  • Race: Terran Terran
  • Spawn Location: 7:00

VOD

Have the link to the VOD?

Description

Time

  • Played on: March 7, 2018, 11:02 a.m.
  • Length: 18:44
Show
View Real Time Build Order
Export as new Build Order

펜타네스트 Zerg 

Build Orders:  

Get SALT Encoding   

  18  0:03  Primal Drone  
  19  0:12  Primal Drone  
  19  0:18  Primal Drone  
  21  0:25  Primal Drone  
  22  0:33  Primal Drone  
  23  0:40  Extractor  
  23  1:03  Primal Warden  
  24  1:11  Extractor  
  24  1:16  Primal Drone  
  25  1:23  Primal Drone  
  25  1:29  Primal Drone  
  27  1:41  Primal Drone  
  28  1:53  Primal Drone  
  29  2:08  Glevig's Den  
  28  2:24  Primal Drone  
  29  2:34  Primal Drone  
  30  2:41  Primal Drone  
  36  3:10  Primal Hive  
  36  3:21  Primal Drone x2  
  36  3:29  Primal Drone  
  39  3:44  Murvar's Den  
  38  3:52  Primal Drone  
  39  4:01  Primal Drone  
  40  4:18  Primal Wurm  
  41  4:29  Primal Drone  
  42  4:34  Primal Drone  
  43  4:51  Primal Drone x2  
  45  5:09  Primal Hive, Primal Drone x2  
  47  5:12  Primal Drone x2  
  47  5:17  Primal Warden  
  49  5:29  Primal Drone x2  
  52  5:40  Primal Warden  
  52  5:52  Primal Drone  
  52  5:53  Primal Drone  
  52  5:57  Primal Warden  
  55  6:05  Primal Drone x2  
  57  6:13  Dakrun's Den  
  56  6:23  Primal Drone  
  56  6:24  Primal Drone  
  56  6:25  Extractor x2  
  56  6:28  Explosive Spores  
  58  6:41  Primal Drone x3  
  61  6:55  Primal Drone  
  62  7:11  Primal Roach  
  62  7:12  Primal Roach x4  
  72  7:22  Primal Roach x2  
  72  7:23  Primal Roach  
  72  7:28  Primordial Fury  
  78  7:40  Primal Roach x3  
  78  7:42  Primal Guardian x2  
  82  7:54  Primal Guardian  
  82  7:55  Primal Guardian  
  80  8:00  Primal Roach x2  
  80  8:02  Primal Drone x5  
  80  8:03  Primal Drone  
  90  8:14  Primal Drone x4  
  94  8:21  Primal Guardian  
  94  8:23  Primal Roach x2  
  97  8:33  Primal Roach x2  
  97  8:34  Primal Roach  
  97  8:35  Primal Guardian  
  97  8:39  Primal Drone  
  103  8:40  Primal Drone x2  
  103  8:43  Primal Roach  
  107  8:59  Primal Guardian x2  
  105  9:05  Primal Guardian  
  105  9:09  Primal Drone x2  
  109  9:31  Primal Wurm  
  109  9:34  Primal Wurm  
  109  9:38  Primal Wurm  
  109  9:52  Primal Drone  
  109  9:54  Primal Attacks Level 1  
  112  10:03  Primal Wurm  
  112  10:07  Primal Wurm  
  112  10:19  Primal Wurm  
  114  10:20  Primal Wurm  
  114  10:22  Primal Carapace Level 1  
  114  10:41  Primal Roach x5  
  114  10:42  Primal Roach  
  126  11:13  Primal Guardian x3  
  125  11:22  Primal Wurm x2  
  125  11:27  Primal Wurm  
  126  11:45  Primal Roach x2  
  126  11:46  Primal Roach x3  
  137  11:52  Primal Wurm  
  139  12:10  Primal Wurm x2  
  139  12:26  Primal Drone  
  139  12:27  Primal Drone x3, Primal Wurm  
  144  12:43  Primal Guardian x3  
  128  13:43  Primal Roach  
  128  13:44  Primal Roach x8  
  149  13:57  Primal Wurm x3  
  147  14:07  Primal Roach x4  
  147  14:08  Primal Roach  
  157  14:26  Primal Roach x4  
  157  14:27  Primal Guardian x2  
  157  14:28  Primal Guardian x2  
  161  14:31  Primal Drone x2  
  161  14:36  Primal Wurm  
  164  14:51  Primal Guardian x3  
  164  14:52  Primal Guardian  
  160  15:15  Primal Wurm  
  160  15:16  Primal Wurm  
  161  15:20  Primal Wurm  
  156  15:55  Primal Drone  
  156  15:56  Primal Drone x3  
  162  16:03  Primal Wurm  
  162  16:08  Primal Wurm  
  162  16:20  Primal Drone  
  164  16:37  Primal Wurm  
  164  16:38  Primal Wurm x2  
  162  16:51  Primal Roach x2  
  162  16:52  Primal Roach x3  
  162  16:56  Primal Drone x3  
  173  17:19  Primal Roach x2  
  172  17:20  Primal Guardian  
  172  17:21  Primal Guardian  
  155  18:07  Primal Roach  
  155  18:08  Primal Roach x12  
  179  18:16  Primal Wurm  
  181  18:21  Primal Wurm  
Show
View Real Time Build Order
Export as new Build Order

펜타네스트 Terran 

Build Orders:  

Get SALT Encoding   

Tags
 
Commander
DehakaRaynor
Matchup
Co-op
Replay Pack
Co-op Speedrun
Add a new tag
Caveats
  • Supply blocks, unpowered buildings, or Contaminate may cause inaccurate times.
  • Supply counts are checked every 10 seconds.